 Dungeon Crawl Stone Soup version 0.22.0-16-gc6d26f6 (webtiles) character file.

256 Faca the Fighter (level 6, 0/61 HPs)
             Began as a Gnoll Wanderer on Aug 17, 2018.
             Slain by an orc warrior
             ... wielding a +0 short sword
              (10 damage)
             ... on level 3 of the Dungeon.
             The game lasted 00:04:43 (2237 turns).

Faca the Fighter (Gnoll Wanderer)                   Turns: 2237, Time: 00:04:43

Health: 0/61       AC:  7    Str: 15    XL:     6   Next: 15%
Magic:  8/8        EV: 10    Int: 17    God:
Gold:   103        SH:  3    Dex: 17    Spells: 8/8 levels left

rFire    . . .     SeeInvis .   c - +0 hand axe
rCold    . . .     Gourm    .   (no shield)
rNeg     . . .     Faith    .   k - +0 scale mail
rPois    .         Spirit   .   (no helmet)
rElec    .         Reflect  +   (no cloak)
rCorr    .         Harm     .   i - +0 pair of gloves
MR       .....                  (no boots)
Stlth    +.........             m - +3 amulet of reflection
HPRegen  0.20/turn              j - +4 ring of dexterity
MPRegen  0.11/turn              (no ring)

@: no status effects
A: distributed training, fangs 1, strong nose
a: no special abilities


You were on level 3 of the Dungeon.
You were not hungry.

You visited 1 branch of the dungeon, and saw 3 of its levels.

You collected 103 gold pieces.

Inventory:

Hand Weapons
 a - a +2 shortbow
 c - a +0 hand axe (weapon)
Missiles
 b - 69 arrows
Armour
 i - a +0 pair of gloves (worn)
 k - a +0 scale mail (worn)
Jewellery
 j - a +4 ring of dexterity (left hand)
 m - a +3 amulet of reflection (around neck)
Scrolls
 e - 2 scrolls of teleportation {unknown}
 g - a scroll of blinking {unknown}
 h - a scroll of immolation
 l - a scroll of magic mapping {unknown}
Potions
 d - a potion of flight {unknown}
Comestibles
 f - a ration


   Skills:
 + Level 10.5 Fighting
 + Level 1.8 Short Blades
 + Level 1.8 Long Blades
 + Level 1.8 Axes
 + Level 1.8 Maces & Flails
 + Level 1.8 Polearms
 + Level 1.8 Staves
 + Level 1.8 Slings
 + Level 4.9 Bows
 + Level 1.8 Crossbows
 + Level 1.8 Throwing
 + Level 3.1 Armour
 + Level 1.8 Dodging
 + Level 1.8 Stealth
 + Level 3.1 Shields
 + Level 1.8 Unarmed Combat
 + Level 1.8 Spellcasting
 + Level 1.4 Conjurations
 + Level 1.4 Hexes
 + Level 1.4 Charms
 + Level 1.4 Summonings
 + Level 1.4 Necromancy
 + Level 1.4 Translocations
 + Level 1.4 Transmutations
 + Level 1.4 Fire Magic
 + Level 1.4 Ice Magic
 + Level 1.4 Air Magic
 + Level 1.4 Earth Magic
 + Level 1.4 Poison Magic
 + Level 2.0 Invocations
 + Level 3.1 Evocations


You had 8 spell levels left.
You didn't know any spells.
Your spell library was empty.

Dungeon Overview and Level Annotations

Branches:
Dungeon (3/15)

Altars:
Ashenzari


Innate Abilities, Weirdness & Mutations

Your experience applies equally to all skills.
You have very sharp teeth.
Your uncanny sense of smell can sniff out nearby items.


Message History

The orc warrior is lightly wounded.
The orc warrior closely misses you.
You barely miss the orc warrior.
You bite the orc warrior, but do no damage.
The orc warrior is lightly wounded.
The orc warrior closely misses you. You block the orc warrior's attack.
You hit the orc warrior. Your bite misses the orc warrior.
The orc warrior is lightly wounded.
The orc warrior hits you with a short sword.
You closely miss the orc warrior.
The orc warrior is lightly wounded.
The orc warrior hits you with a short sword!
* * * LOW HITPOINT WARNING * * *
The orc priest calls upon Beogh to heal the orc warrior.
The orc warrior's wounds heal themselves!
As you read the scroll labeled SUM UMUOXI, it crumbles to dust.
The creatures around you are filled with an inner flame!
It was a scroll of immolation.
The orc warrior hits you with a short sword!
You die...

.............#
.#####..#.####
#..#.# #..#.#
##.#####..#.#
..........###
##.#####.##
##.############.#
#......@o.o[oo..#
#################


You could see an orc warrior (inner flame), an orc priest (inner flame) and 2
orcs.

Vanquished Creatures
  Sigmund (D:2)
  Terence (D:2)
  2 adders (D:2)
  A worm (D:2)
  A dart slug (D:1)
  2 leopard geckos
  An orc (D:3)
  7 bats
  2 giant cockroaches (D:1)
  3 hobgoblins (D:1)
  3 jackals (D:1)
  A quokka (D:2)
  A ball python (D:1)
  3 frilled lizards (D:1)
  9 goblins
  5 kobolds
  4 rats
47 creatures vanquished.

Notes
Turn   | Place    | Note
-------+----------+-------------------------------------------
     0 | D:1      | Reached skill level 10 in Fighting
     0 | D:1      | Faca the Gnoll Wanderer began the quest for the Orb.
     0 | D:1      | Faca set off with: a +2 shortbow, 26 arrows, a +0 hand axe, a +0 ring mail, a ration
     0 | D:1      | Reached XP level 1. HP: 28/28 MP: 2/2
    70 | D:1      | Reached XP level 2. HP: 33/36 MP: 3/3
   294 | D:1      | Reached XP level 3. HP: 42/42 MP: 4/4
   299 | D:1      | Found a shattered altar of Ashenzari.
   881 | D:2      | Reached skill level 1 in Invocations
  1195 | D:2      | Reached skill level 1 in Short Blades
  1195 | D:2      | Reached skill level 1 in Long Blades
  1195 | D:2      | Reached skill level 1 in Axes
  1195 | D:2      | Reached skill level 1 in Maces & Flails
  1195 | D:2      | Reached skill level 1 in Polearms
  1195 | D:2      | Reached skill level 1 in Staves
  1195 | D:2      | Reached skill level 1 in Slings
  1195 | D:2      | Reached skill level 1 in Crossbows
  1195 | D:2      | Reached skill level 1 in Throwing
  1195 | D:2      | Reached skill level 1 in Dodging
  1195 | D:2      | Reached skill level 1 in Stealth
  1195 | D:2      | Reached skill level 1 in Unarmed Combat
  1195 | D:2      | Reached skill level 1 in Spellcasting
  1406 | D:2      | Reached XP level 4. HP: 48/48 MP: 6/6
  1422 | D:2      | Noticed Terence
  1437 | D:2      | Killed Terence
  1704 | D:2      | Noticed Sigmund
  1732 | D:2      | Killed Sigmund
  1732 | D:2      | Reached skill level 1 in Conjurations
  1732 | D:2      | Reached skill level 1 in Hexes
  1732 | D:2      | Reached skill level 1 in Charms
  1732 | D:2      | Reached skill level 1 in Summonings
  1732 | D:2      | Reached skill level 1 in Necromancy
  1732 | D:2      | Reached skill level 1 in Translocations
  1732 | D:2      | Reached skill level 1 in Transmutations
  1732 | D:2      | Reached skill level 1 in Fire Magic
  1732 | D:2      | Reached skill level 1 in Ice Magic
  1732 | D:2      | Reached skill level 1 in Air Magic
  1732 | D:2      | Reached skill level 1 in Earth Magic
  1732 | D:2      | Reached skill level 1 in Poison Magic
  1732 | D:2      | Reached XP level 5. HP: 8/54 MP: 7/7
  1732 | D:2      | Reached XP level 6. HP: 9/61 MP: 8/8
  2220 | D:3      | Noticed an orc warrior
  2237 | D:3      | Slain by an orc warrior

Skill      XL: |  1  2  3  4 |
---------------+-------------+-----
Fighting       | | 10.5
Invocations    | 1 2 |  2.0
Short Blades   | 1 |  1.8
Long Blades    | 1 |  1.8
Axes           | 1 |  1.8
Maces & Flails | 1 |  1.8
Polearms       | 1 |  1.8
Staves         | 1 |  1.8
Slings         | 1 |  1.8
Crossbows      | 1 |  1.8
Throwing       | 1 |  1.8
Dodging        | 1 |  1.8
Stealth        | 1 |  1.8
Unarmed Combat | 1 |  1.8
Spellcasting   | 1 |  1.8
Armour         | 3 |  3.1
Shields        | 3 |  3.1
Conjurations   | 1 |  1.4
Hexes          | 1 |  1.4
Charms         | 1 |  1.4
Summonings     | 1 |  1.4
Necromancy     | 1 |  1.4
Translocations | 1 |  1.4
Transmutations | 1 |  1.4
Fire Magic     | 1 |  1.4
Ice Magic      | 1 |  1.4
Air Magic      | 1 |  1.4
Earth Magic    | 1 |  1.4
Poison Magic   | 1 |  1.4
Evocations     | 3 |  3.1
Bows           | |  4.9

Action                   |  1- 3 |  4- 6 || total
-------------------------+-------+-------++-------
Melee: Hand axe          |   140 |    50 ||   190
       Bite              |    10 |     9 ||    19
       Punch             |     1 |     1 ||     2
  Use: Potion            |       |     1 ||     1
       Scroll            |       |     1 ||     1
  Eat: Ration            |     1 |       ||     1
       Chunk             |       |     1 ||     1
Armor: Ring mail         |    78 |     1 ||    79
       Scale mail        |       |     5 ||     5
Dodge: Dodged            |    91 |    23 ||   114
Block: Other             |       |     3 ||     3
